 Dungeon Crawl Stone Soup version 0.22.1-1-ga44c0e56f4 (webtiles) character file.

910 Gargoyl the Covered (level 7, -4/58 HPs)
             Began as a Centaur Abyssal Knight on Oct 13, 2018.
             Was a Priest of Lugonu.
             Slain by a troll (5 damage)
             ... on level 5 of the Dungeon.
             The game lasted 00:11:04 (6740 turns).

Gargoyl the Covered (Centaur Abyssal Knight)        Turns: 6740, Time: 00:11:04

Health: -4/58      AC: 10    Str: 15    XL:     7   Next: 81%
Magic:  10/10      EV:  5    Int: 11    God:    Lugonu [***...]
Gold:   225        SH:  0    Dex: 10    Spells: 6/6 levels left

rFire    + . .     SeeInvis .   d - +2 whip (elec)
rCold    x . .     Gourm    .   (no shield)
rNeg     . . .     Faith    .   f - +1 chain mail
rPois    .         Spirit   .   r - +0 helmet
rElec    .         Reflect  .   (no cloak)
rCorr    .         Harm     .   (no gloves)
MR       .....                  (no barding)
Stlth    ..........             (no amulet)
HPRegen  0.19/turn              q - ring of fire
MPRegen  0.12/turn              (no ring)

@: very quick
A: large, hooves 3, deformed body, speed 2, tough skin 3
a: Depart the Abyss, Bend Space, Banish, Renounce Religion


You were on level 5 of the Dungeon.
You worshipped Lugonu.
Lugonu was most pleased with you.
You were not hungry.

You visited 1 branch of the dungeon, and saw 6 of its levels.
You visited the Abyss 1 time.

You collected 225 gold pieces.

Inventory:

Hand Weapons
 a - a +2 hand axe
 d - a +2 whip of electrocution (weapon)
 j - a +0 whip of draining
 p - a +0 war axe
Armour
 f - a +1 chain mail (worn)
 r - a +0 helmet (worn)
Jewellery
 q - a ring of fire (left hand)
Wands
 l - a wand of acid (7)
Scrolls
 b - 5 scrolls of identify
 e - 6 scrolls of teleportation
 i - a scroll of fear
 n - a scroll of amnesia
 s - a scroll of enchant weapon
 t - a scroll of acquirement {unknown}
Potions
 g - a potion of haste {unknown}
 h - a potion of lignification {unknown}
 k - 2 potions of might {unknown}
 m - a potion of curing
Comestibles
 c - 8 rations


   Skills:
 + Level 3.8 Fighting
 + Level 1.7(2.9) Axes
 + Level 3.4(3.7) Maces & Flails
 + Level 0.1 Throwing
 * Level 4.8 Armour
 + Level 1.5 Dodging
 * Level 4.7 Invocations


You had 6 spell levels left.
You didn't know any spells.
Your spell library was empty.

Dungeon Overview and Level Annotations

Branches:
Dungeon (6/15)             Temple (0/1) D:4

Altars:
Dithmenos
Elyvilon
Fedhas
Makhleb
Vehumet
Yredelemnul
The Shining One

Shops:
D:5 %

Annotations:
D:3 Grinder


Innate Abilities, Weirdness & Mutations

You have hooves in place of feet.
Armour fits poorly on your strangely shaped body.
You cover ground very quickly.
You have extremely tough skin. (AC +3)


Message History

You hit the troll. Lightning courses through the troll! You kick the troll.
The troll is severely wounded.
The troll bites you. The troll claws you.
The troll claws you but does no damage.
You hit the troll. Your kick misses the troll.
The troll is severely wounded.
The troll bites you! The troll claws you. The troll claws you!
* * * LOW HITPOINT WARNING * * *
Your chain mail prevents you from hitting the troll.
You kick the troll.
The troll is almost dead.
The troll bites you.
* * * LOW HITPOINT WARNING * * *
The troll claws you but does no damage. x2
You closely miss the troll. You kick the troll.
The troll is almost dead.
The troll bites you!
* * * LOW HITPOINT WARNING * * *
The troll claws you.
You die...

.........#.# ##..#.#.....######..
.........#.# #..#.#...........##
.........#.# ##.#.##....#####.#
.........#.# #.#.##....# #.#
.........#.# #.#.##.[..# #.#
.........#.# #.#.##....# #.#
...........# #.#.##....# #.#
.........#######.#.##....### #.#
................@#.##......###.##
........>......T...##.##.........
................#####.##.#[###.##
'#####..........# ##.##.#.###.#
.#####..........####...)....##.#
............................##.#
.#####[..[......####........+..#
.#####.......[..# #........####
..##............# #........#


You could see a troll.

Vanquished Creatures
  Sigmund (D:3)
  Edmund (D:5)
  A howler monkey (D:5)
  3 crimson imps (D:5)
  2 hounds
  An orc wizard (D:5)
  2 orc priests
  Jessica (D:2)
  A centaur skeleton (D:4)
  2 worker ants (D:5)
  A hound skeleton (D:4)
  3 gnolls (D:4)
  7 adders
  A shadow imp (D:5)
  4 oozes
  A worm (D:2)
  2 dart slugs
  3 leopard geckos
  6 orcs
  4 giant cockroaches
  10 goblins
  9 hobgoblins
  12 jackals
  13 kobolds
  A quokka (D:2)
  A ball python (D:2)
  7 bats
  12 frilled lizards
  A jackal zombie (D:5)
  A leopard gecko skeleton (D:5)
  8 rats
122 creatures vanquished.

Notes
Turn   | Place    | Note
-------+----------+-------------------------------------------
     0 | Abyss:1  | Gargoyl the Centaur Abyssal Knight began the quest for the
                  | Orb.
     0 | Abyss:1  | Reached XP level 1. HP: 19/19 MP: 2/2
    64 | Abyss:1  | Found a burning altar of Makhleb.
    85 | Abyss:1  | Noticed a large abomination
   111 | Abyss:1  | Noticed a large abomination
   134 | D:1      | Escaped the Abyss
   529 | D:1      | Reached XP level 2. HP: 16/26 MP: 3/3
   725 | D:1      | Reached * piety under Lugonu
  1153 | D:1      | You fall through a shaft!
  1231 | D:2      | Noticed Jessica
  1571 | D:1      | Reached XP level 3. HP: 28/31 MP: 4/4
  2084 | D:1      | Reached skill level 1 in Maces & Flails
  2307 | D:2      | Killed Jessica
  2307 | D:2      | Reached XP level 4. HP: 10/38 MP: 6/6
  2790 | D:2      | Reached ** piety under Lugonu
  2992 | D:2      | Found a basalt altar of Yredelemnul.
  3738 | D:3      | Noticed Grinder
  3849 | D:3      | Found a glowing golden altar of the Shining One.
  3856 | D:3      | Reached XP level 5. HP: 45/45 MP: 7/7
  3935 | D:3      | Reached skill level 1 in Dodging
  4082 | D:3      | Found a blossoming altar of Fedhas.
  4179 | D:3      | Noticed Sigmund
  4203 | D:3      | Killed Sigmund
  4203 | D:3      | Reached XP level 6. HP: 9/51 MP: 8/8
  4218 | D:3      | Reached *** piety under Lugonu
  4571 | D:3      | Paralysed by Grinder for 2 turns
  4579 | D:3      | Paralysed by Grinder for 3 turns
  4587 | D:3      | Paralysed by Grinder for 2 turns
  5271 | D:4      | Found a staircase to the Ecumenical Temple.
  5559 | D:4      | Found a shadowy altar of Dithmenos.
  5559 | D:4      | Found a radiant altar of Vehumet.
  5564 | D:4      | Got a faintly glowing chain mail
  5584 | D:4      | Identified the +8 chain mail of Hopscotch {rC+ rCorr Str-3}
                  | (You found it on level 4 of the Dungeon)
  5596 | D:4      | Found a burning altar of Makhleb.
  5598 | D:4      | Found a faded altar of an unknown god.
  5600 | D:4      | Found a faded altar of an unknown god.
  5741 | D:5      | Entered Level 5 of the Dungeon
  5778 | D:5      | Reached XP level 7. HP: 54/58 MP: 9/9
  5819 | D:5      | Noticed Edmund
  5833 | D:5      | Killed Edmund
  6145 | D:5      | Found Ujererr's Food Emporium.
  6265 | D:5      | Found a white marble altar of Elyvilon.
  6728 | D:6      | Noticed a troll
  6740 | D:5      | HP: 1/58 [troll (11)]
  6740 | D:5      | Slain by a troll

Skill      XL: |  1  2  3  4  5  6  7 |
---------------+----------------------+-----
Armour         | 2 3 4 |  4.8
Maces & Flails | 1 2 3 |  3.4
Dodging        | 1 |  1.5
Invocations    | 3 4 |  4.7
Fighting       | |  3.8
Axes           | |  1.7
Throwing       | |  0.1

Action                   |  1- 3 |  4- 6 |  7- 9 || total
-------------------------+-------+-------+-------++-------
Melee: Whip              |   137 |   228 |    49 ||   414
       Kick              |    13 |    35 |    12 ||    60
       Hand axe          |     1 |       |       ||     1
Throw: Javelin           |       |       |     6 ||     6
Invok: Depart the Abyss  |     1 |       |       ||     1
  Use: Scroll            |     8 |     5 |       ||    13
       Potion            |     3 |     3 |       ||     6
  Eat: Ration            |     1 |       |     1 ||     2
       Chunk             |       |     8 |       ||     8
Armor: Leather armour    |    20 |       |       ||    20
       Chain mail        |    61 |   146 |    35 ||   242
Dodge: Dodged            |    42 |    29 |    10 ||    81
